Moose vs Americans

Created - Monday, January 18, 2016 at 02:05

Goals
1 2 3 T
Moose 0 0 0 0
Americans 0 1 0 1
Shots
1 2 3 T
Moose 4 3 16 23
Americans 8 6 5 19

1st period

No Goal

Penalties :
No Penalty

2nd period

1. Americans , Tim Jackman 22 (Patrick Bordeleau) at 3:58

Penalties :
Dany Heatley (RCH) for Fighting (Major) at 0:15, Ryan Malone (MAN) for Fighting (Major) at 0:15, Patrick Bordeleau (RCH) for Tripping (Minor) at 1:38, Rasmus Rissanen (MAN) for Slashing (Minor) at 6:19, Garret Ross (MAN) for Roughing (Double Minor) at 11:45

3rd period

No Goal

Penalties :
Tim Jackman (RCH) for Hooking (Minor) at 1:33, Tim Jackman (RCH) for Fighting (Major) at 4:46, Michael Schumacher (MAN) for Fighting (Major) at 4:46, Scott Mayfield (MAN) for High sticking (Minor) at 17:10

Goalie Stats

Sam Brittain (MAN), 18 saves from 19 shots - (0.947), L, 14-6-7, 59:43 minutes
Jason LaBarbera (RCH), 23 saves from 23 shots - (1.000), W, 17-2-3, 60:00 minutes

Players Stats for Moose

Player Name              G  A  P  +/- PIM S  H  SB GA TA FO     MP     PP MP  PK MP  
------------------------------------------------------------------------------------
Ben Chiarot              0  0  0   0  0   4  2  1  3  0  0/0    25:20   2:15   5:32 
Brady Austin             0  0  0   0  0   0  1  0  0  0  0/0     4:43   0:00   0:00 
Brandon Davidson         0  0  0   0  0   0  1  1  1  1  0/0    19:32   1:43   2:25 
Cedric Paquette          0  0  0   0  0   2  2  0  2  1  3/8    21:09   2:17   2:01 
Colin Smith              0  0  0  -1  0   2  0  0  1  1  3/7    15:50   1:16   0:44 
Daniil Tarasov           0  0  0   0  0   1  0  0  1  1  0/0    16:33   1:41   0:00 
Garret Ross              0  0  0   0  4   3  2  1  2  0  0/0    16:57   1:41   0:00 
Greg McKegg              0  0  0   0  0   3  1  0  1  0  3/6    18:12   1:41   1:01 
Joel Armia               0  0  0  -1  0   2  1  0  0  0  0/0    12:37   0:00   0:00 
Joel Edmundson           0  0  0  -1  0   0  2  1  0  0  0/0    15:08   0:00   0:00 
Joel Vermin              0  0  0   0  0   1  1  0  0  0  1/1     9:01   0:00   0:00 
Josh Jooris              0  0  0   0  0   2  2  0  1  0  0/0    18:46   2:17   4:16 
Josh Manson              0  0  0   0  0   2  1  1  0  2  0/0    20:38   2:15   5:32 
Michael Schumacher       0  0  0  -1  5   1  2  0  1  0  0/1    14:12   0:00   3:43 
Rasmus Rissanen          0  0  0   0  2   0  2  1  0  0  0/0    18:52   1:43   2:10 
Rob Flick                0  0  0   0  0   0  0  0  1  0  3/5    13:10   0:00   2:22 
Ryan Malone              0  0  0   0  5   0  1  0  1  0  0/1    15:06   1:01   1:47 
Scott Mayfield           0  0  0  -1  2   0  2  1  0  0  0/0    16:12   0:00   0:15 

Players Stats for Americans

Player Name              G  A  P  +/- PIM S  H  SB GA TA FO     MP     PP MP  PK MP  
------------------------------------------------------------------------------------
Daniel Maggio            0  0  0   0  0   1  5  1  0  0  0/0    21:04   3:30   1:14 
Dany Heatley             0  0  0   0  5   0  2  1  3  3  0/0    18:19   3:12   1:16 
Dillon Fournier          0  0  0   0  0   0  0  0  0  0  0/0     5:08   0:39   0:00 
Dylan DeMelo             0  0  0   1  0   0  1  0  0  4  0/0    22:45   2:51   1:14 
Garrett Noonan           0  0  0   1  0   0  0  0  0  0  0/0    18:25   2:22   0:00 
Grant Clitsome           0  0  0   0  0   2  0  1  0  1  0/0    24:40   3:26   2:44 
Jerome Samson            0  0  0   0  0   2  1  1  1  0  1/1    16:01   1:32   0:00 
Justin Hodgman           0  0  0   0  0   0  2  0  0  0  0/1     6:14   2:21   0:17 
Kale Kessy               0  0  0   0  0   0  2  0  0  0  0/0     2:15   0:00   0:00 
Kevin Sundher            0  0  0   0  0   0  2  1  0  0  2/3    11:38   0:01   0:00 
Marc-Andre Cliche        0  0  0   0  0   4  0  0  0  0  8/13   19:58   1:18   2:34 
Nick Cousins             0  0  0   1  0   2  0  1  2  0  4/9    17:37   3:39   0:00 
Nick Sorkin              0  0  0   0  0   0  1  0  2  0  1/1    17:45   1:13   1:56 
Patrick Bordeleau        0  1  1   1  2   2  4  0  2  1  0/0    18:00   3:34   0:00 
Peter Andersson          0  0  0   0  0   2  2  0  0  0  0/0    26:23   3:06   2:44 
Ruslan Fedotenko         0  0  0   0  0   1  1  0  0  0  0/0    17:03   1:53   1:53 
Spencer Abbott           0  0  0   0  0   1  0  1  1  0  0/0    15:15   2:28   0:00 
Tim Jackman              1  0  1   1  7   2  3  0  2  0  0/1    17:28   2:40   0:00 

3 Stars

1 - Jason LaBarbera (RCH)
2 - Sam Brittain (MAN)
3 - Patrick Bordeleau (RCH)

Power Play

Moose - 0 on 2 Attempt(s) - 0.00%
Americans - 0 on 4 Attempt(s) - 0.00%

Penalty Kill

Moose - 4 on 4 Attempt(s) - 100.00% - Score 0 goal in Penalty Kill
Americans - 2 on 2 Attempt(s) - 100.00% - Score 0 goal in Penalty Kill

Team Stat

Moose - Hits : 23 - Faceoff Wins : 13 - Blocked Shots : 7 - Penalty Minutes : 18
Americans - Hits : 26 - Faceoff Wins : 16 - Blocked Shots : 7 - Penalty Minutes : 14

Official

Referees : Unknown
Linesman : Unknown

Game Notes

Dany Heatley and Ryan Malone fight to a draw at 0:15 of 2nd period
Michael Schumacher beats up Tim Jackman at 4:46 of 3rd period

Finance

Level 1 -- Attendance: 1447 (72.35%) -- Ticket Income $26,046
Level 2 -- Attendance: 688 (68.80%) -- Ticket Income $4,816
Total Attendance: 2135 (71.17%)
Total Ticket Income: $30,862
Other Income: $15,122
Total Income: $45,984

Moose

5 vs 5 Forward 
   Center                   Left Wing                Right Wing               Time % Phy DF OF 
 1 Cedric Paquette          Ryan Malone              Josh Jooris              35     1   2  2  
 2 Greg McKegg              Garret Ross              Daniil Tarasov           30     1   2  2  
 3 Colin Smith              Michael Schumacher       Joel Armia               22     1   2  2  
 4 Rob Flick                Cedric Paquette          Joel Vermin              13     1   2  2  

5 vs 5 Defense 
   Defense                  Defense                                           Time % Phy DF OF 
 1 Ben Chiarot              Josh Manson                                       35     1   2  2  
 2 Brandon Davidson         Rasmus Rissanen                                   30     1   2  2  
 3 Joel Edmundson           Scott Mayfield                                    22     1   2  2  
 4 Brady Austin             Ben Chiarot                                       13     1   2  2  

PowerPlay Forward 
   Center                   Left Wing                Right Wing               Time % Phy DF OF 
 1 Cedric Paquette          Ryan Malone              Josh Jooris              60     1   2  2  
 2 Greg McKegg              Garret Ross              Daniil Tarasov           40     1   2  2  

PowerPlay Defense
   Defense                  Defense                                           Time % Phy DF OF 
 1 Ben Chiarot              Josh Manson                                       60     1   2  2  
 2 Brandon Davidson         Rasmus Rissanen                                   40     1   2  2  

Penalty Kill 4 Players Forward 
   Center                   Wing                     Time % Phy DF OF 
 1 Cedric Paquette          Josh Jooris              60     1   2  2  
 2 Ryan Malone              Greg McKegg              40     1   2  2  

Penalty Kill 4 Players Defense
   Defense                  Defense                  Time % Phy DF OF 
 1 Ben Chiarot              Josh Manson              60     1   2  2  
 2 Brandon Davidson         Rasmus Rissanen          40     1   2  2  

Penalty Kill - 3 Players Forward 
   Forward                                           Time % Phy DF OF 
 1 Cedric Paquette                                   60     1   2  2  
 2 Josh Jooris                                       40     1   2  2  

Penalty Kill - 3 Players Defense
   Defense                  Defense                  Time % Phy DF OF 
 1 Ben Chiarot              Josh Manson              60     1   2  2  
 2 Brandon Davidson         Rasmus Rissanen          40     1   2  2  

4 vs 4 Forward 
   Center                   Wing                     Time % Phy DF OF 
 1 Cedric Paquette          Josh Jooris              60     1   2  2  
 2 Ryan Malone              Greg McKegg              40     1   2  2  

4 vs 4 Defense
   Defense                  Defense                  Time % Phy DF OF 
 1 Ben Chiarot              Josh Manson              60     1   2  2  
 2 Brandon Davidson         Rasmus Rissanen          40     1   2  2  

Last Minutes Offensive
   Center                   Left Wing                Right Wing               Defense                  Defense                  
   Cedric Paquette          Ryan Malone              Josh Jooris              Ben Chiarot              Josh Manson              

Last Minutes Defensive
   Center                   Left Wing                Right Wing               Defense                  Defense                  
   Cedric Paquette          Ryan Malone              Josh Jooris              Ben Chiarot              Josh Manson              

Goaltenders
Starting : Sam Brittain             
Backup : Antoine Bibeau           

Extra Forwards
Normal : Colin Smith, Joel Armia, Michael Schumacher - PP : Colin Smith, Joel Armia - PK : Michael Schumacher
Extra Defensemen
Normal : Joel Edmundson, Scott Mayfield, Brady Austin - PP : Joel Edmundson - PK : Scott Mayfield, Brady Austin
Penalty Shots
Cedric Paquette, Josh Jooris, Ryan Malone, Greg McKegg, Garret Ross

Americans

5 vs 5 Forward 
   Center                   Left Wing                Right Wing               Time % Phy DF OF 
 1 Nick Cousins             Patrick Bordeleau        Tim Jackman              34     1   1  3  
 2 Marc-Andre Cliche        Ruslan Fedotenko         Spencer Abbott           31     1   1  3  
 3 Marc-Andre Cliche        Nick Sorkin              Dany Heatley             25     1   2  2  
 4 Kevin Sundher            Tim Jackman              Jerome Samson            10     1   3  1  

5 vs 5 Defense 
   Defense                  Defense                                           Time % Phy DF OF 
 1 Grant Clitsome           Peter Andersson                                   35     2   2  1  
 2 Garrett Noonan           Dylan DeMelo                                      32     1   3  1  
 3 Peter Andersson          Daniel Maggio                                     25     2   3  0  
 4 Grant Clitsome           Dylan DeMelo                                      8      1   1  3  

PowerPlay Forward 
   Center                   Left Wing                Right Wing               Time % Phy DF OF 
 1 Nick Cousins             Patrick Bordeleau        Tim Jackman              55     0   0  5  
 2 Marc-Andre Cliche        Dany Heatley             Spencer Abbott           45     0   1  4  

PowerPlay Defense
   Defense                  Defense                                           Time % Phy DF OF 
 1 Grant Clitsome           Dylan DeMelo                                      55     1   1  3  
 2 Daniel Maggio            Peter Andersson                                   45     1   2  2  

Penalty Kill 4 Players Forward 
   Center                   Wing                     Time % Phy DF OF 
 1 Marc-Andre Cliche        Dany Heatley             60     0   4  1  
 2 Tim Jackman              Nick Sorkin              40     2   3  0  

Penalty Kill 4 Players Defense
   Defense                  Defense                  Time % Phy DF OF 
 1 Grant Clitsome           Peter Andersson          55     2   3  0  
 2 Daniel Maggio            Dylan DeMelo             45     1   4  0  

Penalty Kill - 3 Players Forward 
   Forward                                           Time % Phy DF OF 
 1 Marc-Andre Cliche                                 60     1   3  1  
 2 Dany Heatley                                      40     2   3  0  

Penalty Kill - 3 Players Defense
   Defense                  Defense                  Time % Phy DF OF 
 1 Grant Clitsome           Peter Andersson          55     3   2  0  
 2 Daniel Maggio            Dylan DeMelo             45     2   3  0  

4 vs 4 Forward 
   Center                   Wing                     Time % Phy DF OF 
 1 Marc-Andre Cliche        Tim Jackman              55     0   0  5  
 2 Dany Heatley             Patrick Bordeleau        45     0   1  4  

4 vs 4 Defense
   Defense                  Defense                  Time % Phy DF OF 
 1 Grant Clitsome           Dylan DeMelo             55     1   1  3  
 2 Garrett Noonan           Peter Andersson          45     1   2  2  

Last Minutes Offensive
   Center                   Left Wing                Right Wing               Defense                  Defense                  
   Nick Cousins             Dany Heatley             Tim Jackman              Grant Clitsome           Dylan DeMelo             

Last Minutes Defensive
   Center                   Left Wing                Right Wing               Defense                  Defense                  
   Marc-Andre Cliche        Dany Heatley             Tim Jackman              Grant Clitsome           Dylan DeMelo             

Goaltenders
Starting : Jason LaBarbera          
Backup : Petr Mrazek              

Extra Forwards
Normal : Dany Heatley, Nick Sorkin, Jerome Samson - PP : Ruslan Fedotenko, Dany Heatley - PK : Ruslan Fedotenko
Extra Defensemen
Normal : Daniel Maggio, Peter Andersson, Dylan DeMelo - PP : Dylan DeMelo - PK : Peter Andersson, Daniel Maggio
Penalty Shots
Nick Cousins, Dany Heatley, Spencer Abbott, Ruslan Fedotenko, Nick Sorkin

% Time on Ice - Moose

Lines # - Real PCT - Wanted PCT - Time Play
Normal Forward
1 - 25% - 35% - 11:44
2 - 32% - 30% - 15:08
3 - 24% - 22% - 11:34
4 - 19% - 13% - 9:01
Normal Defense
1 - 26% - 35% - 12:13
2 - 32% - 30% - 15:24
3 - 32% - 22% - 15:07
4 - 10% - 13% - 4:43
PP Forward
1 - 58% - 60% - 2:17
2 - 42% - 40% - 1:41
PP Defense
1 - 57% - 60% - 2:15
2 - 43% - 40% - 1:43
PK Forward
1 - 87% - 60% - 6:56
2 - 13% - 40% - 1:01
PK Defense
1 - 70% - 60% - 5:32
2 - 30% - 40% - 2:25
PK3 Forward
1 - 0% - 60%
2 - 0% - 40%
PK3 Defense
1 - 0% - 60%
2 - 0% - 40%
44 Forward
1 - 0% - 60%
2 - 0% - 40%
44 Defense
1 - 0% - 60%
2 - 0% - 40%
Last Minute Offensive  - 0:38
Last Minute Defensive  - 0:00
Total
Forward - 60:00
Defense - 60:00

% Time on Ice - Americans

Lines # - Real PCT - Wanted PCT - Time Play
Normal Forward
1 - 32% - 34% - 15:03
2 - 28% - 31% - 13:11
3 - 17% - 25% - 7:54
4 - 24% - 10% - 11:13
Normal Defense
1 - 25% - 35% - 11:48
2 - 32% - 32% - 15:05
3 - 27% - 25% - 12:55
4 - 16% - 8% - 7:33
PP Forward
1 - 54% - 55% - 4:19
2 - 46% - 45% - 3:38
PP Defense
1 - 56% - 55% - 4:26
2 - 44% - 45% - 3:31
PK Forward
1 - 90% - 60% - 3:35
2 - 10% - 40% - 0:23
PK Defense
1 - 69% - 55% - 2:44
2 - 31% - 45% - 1:14
PK3 Forward
1 - 0% - 60%
2 - 0% - 40%
PK3 Defense
1 - 0% - 55%
2 - 0% - 45%
44 Forward
1 - 0% - 55%
2 - 0% - 45%
44 Defense
1 - 0% - 55%
2 - 0% - 45%
Last Minute Offensive  - 0:00
Last Minute Defensive  - 0:44
Total
Forward - 60:00
Defense - 60:00

Play by Play

1st period


0:01 of 1st period - Nick Cousins wins face-off versus Cedric Paquette in neutral zone.
0:04 of 1st period - Josh Jooris is hit by Patrick Bordeleau and loses puck.
0:27 of 1st period - Slapshot by Cedric Paquette.
0:27 of 1st period - Shot Blocked by Nick Cousins.
0:29 of 1st period - Slapshot by Ben Chiarot.
0:29 of 1st period - Shot Misses the Net.
1:01 of 1st period - Snap shot by Garret Ross.
1:01 of 1st period - Stopped by Jason LaBarbera with a rebound.
1:39 of 1st period - Wrist shot by Joel Armia.
1:39 of 1st period - Stopped by Jason LaBarbera without a rebound.
1:40 of 1st period - Marc-Andre Cliche wins face-off versus Colin Smith in Americans zone.
2:06 of 1st period - Snap shot by Joel Armia.
2:06 of 1st period - Shot Misses the Net.
3:08 of 1st period - Slapshot by Jerome Samson.
3:08 of 1st period - Shot Misses the Net.
3:35 of 1st period - Josh Jooris is hit by Daniel Maggio.
3:39 of 1st period - Dany Heatley is hit by Cedric Paquette and loses puck.
4:11 of 1st period - Off-side.
4:12 of 1st period - Kevin Sundher wins face-off versus Colin Smith in neutral zone.
4:25 of 1st period - Slapshot by Brandon Davidson.
4:25 of 1st period - Shot Misses the Net.
4:27 of 1st period - Wrist shot by Michael Schumacher.
4:27 of 1st period - Stopped by Jason LaBarbera with a rebound.
4:53 of 1st period - Snap shot by Patrick Bordeleau.
4:53 of 1st period - Shot Blocked by Brandon Davidson.
4:55 of 1st period - Wrist shot by Jerome Samson.
4:55 of 1st period - Shot Blocked by Rasmus Rissanen.
4:57 of 1st period - Wrist shot by Patrick Bordeleau.
4:57 of 1st period - Stopped by Sam Brittain with a rebound.
6:10 of 1st period - Icing by Cedric Paquette.
6:11 of 1st period - Kevin Sundher wins face-off versus Cedric Paquette in Moose zone.
6:20 of 1st period - Slapshot by Grant Clitsome.
6:20 of 1st period - Stopped by Sam Brittain with a rebound.
7:08 of 1st period - Wrist shot by Marc-Andre Cliche.
7:08 of 1st period - Stopped by Sam Brittain with a rebound.
7:10 of 1st period - Wrist shot by Peter Andersson.
7:10 of 1st period - Stopped by Sam Brittain with a rebound.
7:42 of 1st period - Snap shot by Spencer Abbott.
7:42 of 1st period - Stopped by Sam Brittain without a rebound.
7:43 of 1st period - Nick Sorkin wins face-off versus Greg McKegg in Moose zone.
8:39 of 1st period - Ruslan Fedotenko is hit by Ben Chiarot and loses puck.
9:16 of 1st period - Nick Sorkin is hit by Josh Manson and loses puck.
9:21 of 1st period - Snap shot by Garret Ross.
9:21 of 1st period - Stopped by Jason LaBarbera with a rebound.
9:56 of 1st period - Snap shot by Nick Cousins.
9:56 of 1st period - Shot Misses the Net.
9:58 of 1st period - Wrist shot by Patrick Bordeleau.
9:58 of 1st period - Shot Misses the Net.
10:00 of 1st period - Snap shot by Nick Cousins.
10:00 of 1st period - Stopped by Sam Brittain with a rebound.
11:18 of 1st period - Brandon Davidson is hit by Patrick Bordeleau and loses puck.
11:31 of 1st period - Slapshot by Garret Ross.
11:31 of 1st period - Deflect By Joel Vermin.
11:31 of 1st period - Shot Blocked by Grant Clitsome.
11:31 of 1st period - Puck is out of play.
11:32 of 1st period - Jerome Samson wins face-off versus Rob Flick in Americans zone.
12:33 of 1st period - Snap shot by Spencer Abbott.
12:33 of 1st period - Shot Misses the Net.
12:48 of 1st period - Icing by Ruslan Fedotenko.
12:49 of 1st period - Greg McKegg wins face-off versus Nick Cousins in Americans zone.
13:44 of 1st period - Josh Manson is hit by Peter Andersson and loses puck.
14:40 of 1st period - Slapshot by Jerome Samson.
14:40 of 1st period - Stopped by Sam Brittain with a rebound.
15:00 of 1st period - Josh Manson is hit by Justin Hodgman and loses puck.
15:29 of 1st period - Justin Hodgman is hit by Greg McKegg and loses puck.
16:37 of 1st period - Marc-Andre Cliche is hit by Joel Vermin and loses puck.
17:55 of 1st period - Daniil Tarasov is hit by Justin Hodgman.
18:05 of 1st period - Josh Jooris is hit by Tim Jackman and loses puck.
18:14 of 1st period - Wrist shot by Tim Jackman.
18:14 of 1st period - Stopped by Sam Brittain with a rebound.
18:16 of 1st period - Slapshot by Peter Andersson.
18:16 of 1st period - Shot Blocked by Joel Edmundson.
18:18 of 1st period - Snap shot by Peter Andersson.
18:18 of 1st period - Shot Blocked by Scott Mayfield.
19:02 of 1st period - Ben Chiarot is hit by Kale Kessy and loses puck.
19:10 of 1st period - Off-side.
19:11 of 1st period - Joel Vermin wins face-off versus Kevin Sundher in neutral zone.
Goals for this period are 0 for Moose vs 0 for Americans.
Shots for this period are 4 for Moose vs 8 for Americans.

2nd period


0:01 of 2nd period - Marc-Andre Cliche wins face-off versus Cedric Paquette in neutral zone.
0:10 of 2nd period - Slapshot by Grant Clitsome.
0:10 of 2nd period - Shot Misses the Net.
0:12 of 2nd period - Wrist shot by Dany Heatley.
0:12 of 2nd period - Shot Misses the Net.
0:14 of 2nd period - Wrist shot by Nick Sorkin.
0:14 of 2nd period - Shot Blocked by Josh Manson.
0:15 of 2nd period - Dany Heatley and Ryan Malone fight to a draw.
0:15 of 2nd period - Penalty to Dany Heatley for Fighting.
0:15 of 2nd period - Penalty to Ryan Malone for Fighting.
0:16 of 2nd period - Marc-Andre Cliche wins face-off versus Cedric Paquette in Moose zone.
1:18 of 2nd period - Tim Jackman is hit by Garret Ross and loses puck.
1:38 of 2nd period - Minor Penalty to Patrick Bordeleau for Tripping.
1:39 of 2nd period - Colin Smith wins face-off versus Marc-Andre Cliche in Americans zone.
1:39 of 2nd period - Snap shot by Cedric Paquette.
1:39 of 2nd period - Stopped by Jason LaBarbera with a rebound.
2:31 of 2nd period - Nick Sorkin is hit by Rasmus Rissanen and loses puck.
2:44 of 2nd period - Ben Chiarot is hit by Peter Andersson and loses puck.
3:38 of 2nd period - Penalty to Patrick Bordeleau is over, Patrick Bordeleau is back on ice.
3:42 of 2nd period - Snap shot by Garret Ross.
3:42 of 2nd period - Stopped by Jason LaBarbera with a rebound.
3:58 of 2nd period - Snap shot by Tim Jackman.
3:58 of 2nd period - Goal by Tim Jackman - Moose : 0 - Americans : 1.
3:59 of 2nd period - Rob Flick wins face-off versus Nick Cousins in neutral zone.
4:52 of 2nd period - Dylan DeMelo is hit by Garret Ross and loses puck.
4:59 of 2nd period - Wrist shot by Garret Ross.
4:59 of 2nd period - Shot Misses the Net.
5:05 of 2nd period - Josh Manson is hit by Tim Jackman and loses puck.
5:44 of 2nd period - Michael Schumacher is hit by Dany Heatley and loses puck.
6:19 of 2nd period - Minor Penalty to Rasmus Rissanen for Slashing.
6:20 of 2nd period - Nick Cousins wins face-off versus Cedric Paquette in Moose zone.
8:19 of 2nd period - Penalty to Rasmus Rissanen is over, Rasmus Rissanen is back on ice.
8:20 of 2nd period - Wrist shot by Marc-Andre Cliche.
8:20 of 2nd period - Stopped by Sam Brittain with a rebound.
10:09 of 2nd period - Nick Cousins is hit by Brandon Davidson and loses puck.
11:02 of 2nd period - Grant Clitsome is hit by Joel Edmundson and loses puck.
11:29 of 2nd period - Dylan DeMelo is hit by Scott Mayfield and loses puck.
11:45 of 2nd period - Double Minor Penalty to Garret Ross for Roughing.
11:46 of 2nd period - Rob Flick wins face-off versus Nick Cousins in Moose zone.
11:54 of 2nd period - Off-side.
11:55 of 2nd period - Rob Flick wins face-off versus Tim Jackman in neutral zone.
12:00 of 2nd period - Slapshot by Ben Chiarot.
12:00 of 2nd period - Stopped by Jason LaBarbera with a rebound.
13:50 of 2nd period - Josh Manson is hit by Patrick Bordeleau and loses puck.
13:59 of 2nd period - Garrett Noonan is hit by Michael Schumacher and loses puck.
14:06 of 2nd period - Michael Schumacher is hit by Daniel Maggio.
14:29 of 2nd period - Snap shot by Jerome Samson.
14:29 of 2nd period - Stopped by Sam Brittain with a rebound.
14:31 of 2nd period - Slapshot by Peter Andersson.
14:31 of 2nd period - Stopped by Sam Brittain with a rebound.
14:43 of 2nd period - Ben Chiarot is hit by Nick Sorkin and loses puck.
15:05 of 2nd period - Dylan DeMelo is hit by Ben Chiarot and loses puck.
15:45 of 2nd period - Penalty to Garret Ross is over, Garret Ross is back on ice.
16:30 of 2nd period - Patrick Bordeleau is hit by Scott Mayfield and loses puck.
16:53 of 2nd period - Snap shot by Marc-Andre Cliche.
16:53 of 2nd period - Stopped by Sam Brittain without a rebound.
16:54 of 2nd period - Marc-Andre Cliche wins face-off versus Colin Smith in Moose zone.
17:15 of 2nd period - Garret Ross is hit by Dany Heatley and loses puck.
17:37 of 2nd period - Grant Clitsome is hit by Brady Austin and loses puck.
17:46 of 2nd period - Grant Clitsome is hit by Joel Armia and loses puck.
18:07 of 2nd period - Backhand shot by Marc-Andre Cliche.
18:07 of 2nd period - Shot Misses the Net.
18:09 of 2nd period - Snap shot by Ruslan Fedotenko.
18:09 of 2nd period - Stopped by Sam Brittain with a rebound.
18:31 of 2nd period - Greg McKegg is hit by Jerome Samson and loses puck.
18:38 of 2nd period - Slapshot by Joel Edmundson.
18:38 of 2nd period - Shot Blocked by Jerome Samson.
19:06 of 2nd period - Patrick Bordeleau is hit by Josh Jooris and loses puck.
19:17 of 2nd period - Joel Edmundson is hit by Kale Kessy and loses puck.
Goals for this period are 0 for Moose vs 1 for Americans.
Shots for this period are 3 for Moose vs 6 for Americans.

3rd period


0:01 of 3rd period - Cedric Paquette wins face-off versus Marc-Andre Cliche in neutral zone.
0:27 of 3rd period - Slapshot by Grant Clitsome.
0:27 of 3rd period - Deflect By Cedric Paquette.
0:27 of 3rd period - Stopped by Sam Brittain with a rebound.
1:33 of 3rd period - Minor Penalty to Tim Jackman for Hooking.
1:34 of 3rd period - Marc-Andre Cliche wins face-off versus Ryan Malone in Americans zone.
1:42 of 3rd period - Wrist shot by Marc-Andre Cliche.
1:42 of 3rd period - Stopped by Sam Brittain with a rebound.
1:49 of 3rd period - Off-side.
1:50 of 3rd period - Cedric Paquette wins face-off versus Marc-Andre Cliche in neutral zone.
1:53 of 3rd period - Slapshot by Josh Manson.
1:53 of 3rd period - Stopped by Jason LaBarbera with a rebound.
1:55 of 3rd period - Snap shot by Josh Jooris.
1:55 of 3rd period - Stopped by Jason LaBarbera without a rebound.
1:56 of 3rd period - Greg McKegg wins face-off versus Marc-Andre Cliche in Americans zone.
2:07 of 3rd period - Snap shot by Josh Manson.
2:07 of 3rd period - Shot Blocked by Dany Heatley.
2:09 of 3rd period - Slapshot by Ben Chiarot.
2:09 of 3rd period - Deflect By Marc-Andre Cliche.
2:09 of 3rd period - Stopped by Jason LaBarbera with a rebound.
2:11 of 3rd period - Slapshot by Josh Manson.
2:11 of 3rd period - Shot Misses the Net.
2:13 of 3rd period - Slapshot by Ben Chiarot.
2:13 of 3rd period - Deflect By Greg McKegg.
2:13 of 3rd period - Stopped by Jason LaBarbera without a rebound.
2:14 of 3rd period - Marc-Andre Cliche wins face-off versus Greg McKegg in Americans zone.
2:42 of 3rd period - Slapshot by Ben Chiarot.
2:42 of 3rd period - Shot Misses the Net.
2:56 of 3rd period - Peter Andersson is hit by Ryan Malone and loses puck.
3:31 of 3rd period - Peter Andersson is hit by Rasmus Rissanen and loses puck.
3:33 of 3rd period - Penalty to Tim Jackman is over, Tim Jackman is back on ice.
4:08 of 3rd period - Snap shot by Colin Smith.
4:08 of 3rd period - Stopped by Jason LaBarbera without a rebound.
4:09 of 3rd period - Nick Cousins wins face-off versus Rob Flick in Americans zone.
4:46 of 3rd period - Michael Schumacher beats up Tim Jackman.
4:46 of 3rd period - Penalty to Tim Jackman for Fighting.
4:46 of 3rd period - Penalty to Michael Schumacher for Fighting.
4:47 of 3rd period - Marc-Andre Cliche wins face-off versus Colin Smith in Americans zone.
5:30 of 3rd period - Snap shot by Nick Cousins.
5:30 of 3rd period - Stopped by Sam Brittain without a rebound.
5:31 of 3rd period - Greg McKegg wins face-off versus Nick Cousins in Moose zone.
5:31 of 3rd period - Greg McKegg is hit by Patrick Bordeleau.
6:28 of 3rd period - Slapshot by Cedric Paquette.
6:28 of 3rd period - Deflect By Josh Jooris.
6:28 of 3rd period - Stopped by Jason LaBarbera with a rebound.
6:55 of 3rd period - Snap shot by Colin Smith.
6:55 of 3rd period - Stopped by Jason LaBarbera without a rebound.
6:56 of 3rd period - Colin Smith wins face-off versus Marc-Andre Cliche in Americans zone.
7:02 of 3rd period - Icing by Marc-Andre Cliche.
7:03 of 3rd period - Marc-Andre Cliche wins face-off versus Greg McKegg in Americans zone.
7:16 of 3rd period - Backhand shot by Spencer Abbott.
7:16 of 3rd period - Shot Blocked by Garret Ross.
7:22 of 3rd period - Wrist shot by Greg McKegg.
7:22 of 3rd period - Shot Misses the Net.
7:24 of 3rd period - Slapshot by Brandon Davidson.
7:24 of 3rd period - Shot Misses the Net.
7:26 of 3rd period - Slapshot by Brandon Davidson.
7:26 of 3rd period - Shot Blocked by Spencer Abbott.
7:48 of 3rd period - Dany Heatley is hit by Cedric Paquette and loses puck.
8:21 of 3rd period - Garret Ross is hit by Kevin Sundher and loses puck.
8:41 of 3rd period - Scott Mayfield is hit by Kevin Sundher.
8:51 of 3rd period - Slapshot by Josh Jooris.
8:51 of 3rd period - Shot Blocked by Kevin Sundher.
9:31 of 3rd period - Cedric Paquette is hit by Ruslan Fedotenko and loses puck.
10:26 of 3rd period - Brandon Davidson is hit by Tim Jackman and loses puck.
10:43 of 3rd period - Slapshot by Ben Chiarot.
10:43 of 3rd period - Stopped by Jason LaBarbera with a rebound.
10:45 of 3rd period - Slapshot by Ben Chiarot.
10:45 of 3rd period - Shot Misses the Net.
11:57 of 3rd period - Slapshot by Greg McKegg.
11:57 of 3rd period - Stopped by Jason LaBarbera with a rebound.
11:59 of 3rd period - Snap shot by Josh Manson.
11:59 of 3rd period - Stopped by Jason LaBarbera with a rebound.
12:01 of 3rd period - Wrist shot by Daniil Tarasov.
12:01 of 3rd period - Stopped by Jason LaBarbera with a rebound.
12:03 of 3rd period - Slapshot by Ben Chiarot.
12:03 of 3rd period - Stopped by Jason LaBarbera with a rebound.
12:05 of 3rd period - Slapshot by Josh Manson.
12:05 of 3rd period - Shot Misses the Net.
12:15 of 3rd period - Dany Heatley is hit by Josh Jooris and loses puck.
12:54 of 3rd period - Tim Jackman is hit by Joel Edmundson and loses puck.
13:08 of 3rd period - Icing by Joel Armia.
13:09 of 3rd period - Colin Smith wins face-off versus Justin Hodgman in Moose zone.
13:40 of 3rd period - Ben Chiarot is hit by Dylan DeMelo.
14:13 of 3rd period - Joel Armia is hit by Daniel Maggio and loses puck.
14:24 of 3rd period - Jerome Samson is hit by Michael Schumacher and loses puck.
15:19 of 3rd period - Slapshot by Joel Vermin.
15:19 of 3rd period - Shot Misses the Net.
15:21 of 3rd period - Slapshot by Brandon Davidson.
15:21 of 3rd period - Deflect By Joel Vermin.
15:21 of 3rd period - Stopped by Jason LaBarbera with a rebound.
16:11 of 3rd period - Snap shot by Greg McKegg.
16:11 of 3rd period - Shot Misses the Net.
16:13 of 3rd period - Snap shot by Greg McKegg.
16:13 of 3rd period - Stopped by Jason LaBarbera with a rebound.
16:15 of 3rd period - Snap shot by Greg McKegg.
16:15 of 3rd period - Shot Misses the Net.
16:43 of 3rd period - Wrist shot by Patrick Bordeleau.
16:43 of 3rd period - Stopped by Sam Brittain with a rebound.
16:45 of 3rd period - Snap shot by Tim Jackman.
16:45 of 3rd period - Shot Misses the Net.
16:47 of 3rd period - Wrist shot by Daniel Maggio.
16:47 of 3rd period - Stopped by Sam Brittain with a rebound.
17:10 of 3rd period - Minor Penalty to Scott Mayfield for High sticking.
17:11 of 3rd period - Nick Cousins wins face-off versus Michael Schumacher in Moose zone.
17:45 of 3rd period - Snap shot by Josh Manson.
17:45 of 3rd period - Shot Blocked by Daniel Maggio.
18:25 of 3rd period - Snap shot by Dany Heatley.
18:25 of 3rd period - Shot Misses the Net.
18:41 of 3rd period - Slapshot by Nick Cousins.
18:41 of 3rd period - Deflect By Dany Heatley.
18:41 of 3rd period - Deflect By Cedric Paquette.
18:41 of 3rd period - Shot Misses the Net.
18:41 of 3rd period - Puck is out of play.
18:42 of 3rd period - Cedric Paquette wins face-off versus Nick Cousins in Moose zone.
19:01 of 3rd period - Snap shot by Patrick Bordeleau.
19:01 of 3rd period - Shot Blocked by Ben Chiarot.
19:10 of 3rd period - Penalty to Scott Mayfield is over, Scott Mayfield is back on ice.
19:30 of 3rd period - Ryan Malone is hit by Daniel Maggio and loses puck.
19:43 of 3rd period - Moose, Sam Brittain is pulled from the net.
19:47 of 3rd period - Wrist shot by Cedric Paquette.
19:47 of 3rd period - Stopped by Jason LaBarbera with a rebound.
19:49 of 3rd period - Slapshot by Joel Armia.
19:49 of 3rd period - Stopped by Jason LaBarbera with a rebound.
19:57 of 3rd period - Ben Chiarot is hit by Daniel Maggio and loses puck.
Goals for this period are 0 for Moose vs 0 for Americans.
Shots for this period are 16 for Moose vs 5 for Americans.